 Dungeon Crawl Stone Soup version 0.26.0-18-gc5c842f807 (webtiles) character file.

Game seed: 6134808742570500056

81365 EnegeticOcto the Slicer (level 15, -8/112 (115) HPs)
             Began as a Vampire Abyssal Knight on Jan 23, 2021.
             Was the Champion of Lugonu.
             Mangled by a troll (14 damage)
             ... while paralysed by an orc sorcerer
             ... on level 1 of the Orcish Mines.
             The game lasted 00:39:40 (26199 turns).

EnegeticOcto the Slicer (Vampire Abyssal Knight)   Turns: 26199, Time: 00:39:41

HP:   -8/112 (115)  AC: 22    Str: 14    XL:     15   Next: 26%
MP:   21/21         EV:  2    Int: 17    God:    Lugonu [******]
Gold: 1769          SH:  0    Dex: 15    Spells: 14/14 levels left

rFire    . . .     SeeInvis +   P - +10 rapier "Taruryt" {freeze, *Contam rPois rC+}
rCold    + . .     Faith    +   F - +0 kite shield
rNeg     . . .     Spirit   .   E - +0 swamp dragon scales
rPois    +         Reflect  .   m - +2 helmet
rElec    .         Harm     .   w - scarf {shadows}
rCorr    +         Rampage  .   C - +2 pair of gloves {archery}
Will     +....                  c - +2 pair of boots
Stlth    ++........             y - amulet of faith
HPRegen  0.48/turn              z - ring of resist corrosion
MPRegen  0.17/turn              j - +4 ring of protection

@: paralysed, regenerating quickly, lightly drained
A: fangs 3, see invisible, unbreathing
a: Exsanguinate, Renounce Religion, Depart the Abyss, Bend Space, Banish,
Corrupt, Enter the Abyss


You were on level 1 of the Orcish Mines.
You worshipped Lugonu.
Lugonu was exalted by your worship.
You visited 3 branches of the dungeon, and saw 21 of its levels.
You visited the Abyss 1 time.
You also visited: Bailey and Ice Cave.

You collected 2332 gold pieces.
You spent 563 gold pieces at shops.

Inventory:

Hand Weapons
 u - a +2 rapier
   (You found it on level 4 of the Dungeon)
 B - a +9 quick blade of distortion
   (You acquired it in a bailey)
 P - the +10 rapier "Taruryt" (weapon) {freeze, *Contam rPois rC+}
   (You found it on level 6 of the Lair of Beasts)

   It has been specially enchanted to freeze those struck by it, causing extra
   injury to most foes and up to half again as much damage against particularly
   susceptible opponents.
   It can also slow down cold-blooded creatures.
   It protects you from cold.
   It protects you from poison.
   It causes magical contamination when unequipped.
Missiles
 r - 69 boomerangs (quivered)
 U - 7 curare-tipped darts
Armour
 c - a +2 pair of boots (worn)
   (You found it on level 6 of the Dungeon)
 m - a +2 helmet (worn)
   (You found it on level 3 of the Dungeon)
 w - a scarf of shadows (worn)
   (You found it on level 9 of the Dungeon)
 C - a +2 pair of gloves of archery (worn)
   (You acquired it in a bailey)
 E - +0 swamp dragon scales (worn)
   (You took it off Maggie on level 8 of the Dungeon)
 F - a +0 kite shield (worn)
   (You found it on level 9 of the Dungeon)
Jewellery
 j - a +4 ring of protection (right hand)
   (You found it on level 3 of the Lair of Beasts)
 y - an amulet of faith (around neck)
   (You found it in an ice cave)
 z - a ring of resist corrosion (left hand)
   (You found it on level 8 of the Dungeon)
 M - an uncursed ring of fire
   (You found it on level 5 of the Lair of Beasts)
 T - an uncursed amulet of the acrobat {unknown}
   (You found it in an ice cave)
Wands
 a - a wand of polymorph (22)
   (You found it on level 6 of the Lair of Beasts)
 b - a wand of iceblast (27) {@v2}
   (You found it on level 6 of the Dungeon)
 h - a wand of disintegration (22)
   (You found it on level 1 of the Lair of Beasts)
 x - a wand of paralysis (9)
   (You took it off a kobold on level 5 of the Dungeon)
 D - a wand of digging (10) {@v3}
   (You found it on level 9 of the Dungeon)
 I - a wand of acid (4) {@v1}
   (You found it on level 1 of the Lair of Beasts)
 L - a wand of flame (21) {@v4}
   (You found it on level 2 of the Lair of Beasts)
Scrolls
 d - 17 scrolls of teleportation {@r3 !r}
 e - 6 scrolls of immolation
 k - 4 scrolls of magic mapping {@r5 !r}
 q - 15 scrolls of remove curse {@r2}
 t - 2 scrolls of enchant weapon
 G - a scroll of fog {!r}
 J - a scroll of vulnerability
 Q - a scroll of summoning
 R - a scroll of enchant armour
 S - 2 scrolls of blinking {@r4}
Potions
 f - 2 potions of flight
 g - 5 potions of haste {@q4 !q}
 i - 3 potions of lignification {@q6}
 l - a potion of attraction
 n - a potion of cancellation
 o - 2 potions of magic
 p - 6 potions of mutation
 s - 2 potions of berserk rage
 v - 10 potions of curing {@q1 !q}
 H - a potion of ambrosia
 K - 4 potions of might {@q3 !q}
 O - a potion of heal wounds {@q2 !q}
Miscellaneous
 A - a box of beasts
   (You found it in a bailey)
 N - a phial of floods
   (You found it on level 6 of the Lair of Beasts)


   Skills:
 - Level 10.0 Fighting
 - Level 14.0 Short Blades
 + Level 8.5 Throwing
 - Level 6.0 Armour
 + Level 8.5 Dodging
 - Level 5.0 Stealth
 * Level 12.8 Shields
 - Level 8.0 Invocations
 + Level 4.2 Evocations


You had 14 spell levels left.
You didn't know any spells.
Your spell library contained the following spells:

 Spells                   Type           Power        Failure   Level
 Beastly Appendage        Tmut           0%           52%         1
 Corona                   Hex            0%           52%         1
 Freeze                   Ice            0%           52%         1
 Sting                    Tmut/Pois      0%           52%         1
 Ensorcelled Hibernation  Hex/Ice        0%           65%         2
 Poisonous Vapours        Pois/Air       0%           65%         2
 Wereblood                Tmut           0%           65%         2
 Confusing Touch          Hex            0%           87%         3
 Conjure Flame            Conj/Fire      0%           87%         3
 Dazzling Flash           Conj/Hex       0%           87%         3
 Frozen Ramparts          Ice            0%           87%         3
 Ignite Poison            Fire/Tmut/Pois 0%           87%         3
 Mephitic Cloud           Conj/Pois/Air  0%           87%         3
 Ozocubu's Armour         Ice            0%           87%         3
 Spider Form              Tmut/Pois      0%           87%         3
 Tukima's Dance           Hex            0%           87%         3
 Hailstorm                Conj/Ice       0%           99%         4
 Ice Form                 Ice/Tmut       0%           99%         4
 Olgreb's Toxic Radiance  Pois           0%           99%         4
 Summon Ice Beast         Ice/Summ       0%           99%         4
 Blade Hands              Tmut           0%           100%        5
 Freezing Cloud           Conj/Ice/Air   0%           100%        6


Dungeon Overview and Level Annotations

Branches:
Dungeon (14/15)            Temple (0/1) D:6            Lair (6/6) D:9
 Spider (0/4) Lair:2        Slime (0/5) Lair:6          Orc (1/2) D:9
 Bailey (visited)           IceCv (visited)
  Swamp: Lair:2-4    Shoals: Lair:2-4    Vaults: D:13-14

Altars:
Ashenzari
Elyvilon
Gozag
Hepliaklqana
Kikubaaqudgha
Makhleb
Nemelex Xobeh
Okawaru
Qazlal
Ru
Sif Muna
Trog
Uskayaw
Vehumet
Xom
Yredelemnul
Zin
The Shining One
Jiyva

Shops:
D:5 *   D:11 ?   D:13 (

Annotations:
D:2 Sigmund
D:6 3 runed translucent doors, sipior's ghost, novice TeAE
D:13 2 transporters, FreshCat's ghost, journeyman FeDe
Lair:4 exclusions: hydra and 3 oklob plants
Abyss:1 Azrael; Snorg


Innate Abilities, Weirdness & Mutations

Your natural rate of healing is unusually fast.
You have razor-sharp teeth.
You have supernaturally acute eyesight. (SInv)
You can survive without breathing.


Message History

No target in view!
No target in view!
Things that are here:
a +0 dagger; a +0 robe; an orc corpse You now have 1729 gold pieces (gained 28).
Found a stone staircase leading down.
You now have 1741 gold pieces (gained 12).
You now have 1769 gold pieces (gained 28).
An orc wizard comes into view. It is wielding a +0 dagger.
An orc wizard is nearby!
An orc wizard is nearby!
An orc warrior comes into view. It is wielding a +1 vorpal trident.
The orc wizard shouts!
You hear a shout! x3
An orc sorcerer comes into view.
It is wielding a +0 dagger and wearing a +0 robe of cold resistance.
An orc comes into view.
It is wielding a +2 hand axe of flaming.
The orc wizard gestures at you while chanting.
The magic dart hits you but does no damage. 2 orcs, an orc warrior and an orc sorcerer come into view.
The orc warrior shouts! x2
A troll comes into view.
An orc comes into view. It is wielding a +2 dagger of pain.
The orc throws a boomerang.
The boomerang misses you.
The orc sorcerer shouts!
The troll shouts!
The orc shouts!
The orc warrior hits you from afar with a +1 vorpal trident!
The orc wizard casts a spell.
The orc wizard blinks!
You block the orc's attack.
An orc comes into view. It is wielding a +0 falchion.
You block the orc warrior's attack. The orc sorcerer completely misses you.
The orc shouts!
You hit the orc sorcerer. You bite the orc sorcerer.
The orc sorcerer is lightly wounded.
You closely miss the orc sorcerer.
You bite the orc sorcerer, but do no damage.
The orc sorcerer is lightly wounded.
You block the orc warrior's attack.
The orc sorcerer gestures wildly while chanting.
You puncture the orc sorcerer! You freeze the orc sorcerer.
The orc sorcerer is heavily wounded.
The orc wizard points at you and mumbles some strange words.
The magic dart hits you but does no damage.
You hit the orc sorcerer. Your bite misses the orc sorcerer.
The orc sorcerer is severely wounded.
The orc warrior hits you with a +1 vorpal trident.
You block the orc sorcerer's attack.
The neqoxec hits you but does no damage.
The troll bites you. You block the troll's attack.
The troll claws you but does no damage.
You puncture the orc sorcerer! You freeze the orc sorcerer.
You kill the orc sorcerer!
Lugonu accepts your kill.
The neqoxec disappears in a puff of smoke!
You puncture the orc sorcerer! You freeze the orc sorcerer.
Your bite misses the orc sorcerer.
The orc sorcerer is heavily wounded.
The orc warrior closely misses you. You block the orc sorcerer's attack.
The troll closely misses you. x2; The troll claws you but does no damage.
You puncture the orc sorcerer! You freeze the orc sorcerer.
The orc sorcerer is almost dead.
You block the orc's attack.
You barely miss the orc sorcerer. You bite the orc sorcerer.
The orc sorcerer is almost dead.
The orc sorcerer gestures at you while chanting.
You suddenly lose the ability to move!
The orc warrior hits you but does no damage.
The troll bites you but does no damage. The troll claws you!
The troll claws you but does no damage.
The orc warrior hits you but does no damage.
The orc wizard hits you but does no damage.
The orc hits you but does no damage.
The orc sorcerer hits you but does no damage.
The troll bites you but does no damage. The troll claws you but does no damage.
The troll claws you.
The orc warrior hits you with a +1 vorpal trident!
The orc warrior hits you with a cursed -1 short sword!
The orc wizard mumbles some strange words.
The orc wizard blinks!
The orc hits you but does no damage. x2
The orc sorcerer hits you but does no damage.
The troll bites you. The troll claws you! The troll claws you.
The orc warrior hits you with a cursed -1 short sword!
* * * LOW HITPOINT WARNING * * *
The orc warrior hits you but does no damage.
The orc wizard mumbles some strange words.
The orc wizard blinks!
The orc hits you but does no damage. x3
The orc sorcerer points at you and mumbles some strange words.
The bolt of negative energy hits you!
You feel drained.
* * * LOW HITPOINT WARNING * * *
The bolt of negative energy hits the orc!!
The orc is drained!
The orc dies!
The troll bites you!
* * * LOW HITPOINT WARNING * * *
The troll claws you but does no damage. The troll barely misses you.
The orc warrior hits you but does no damage.
The orc warrior hits you but does no damage.
The orc hits you but does no damage. x2
The orc sorcerer points at you and mumbles some strange words.
You shrug off the repeated paralysis!
The troll bites you!
You die...

...####.....#......
..## #....#........
...####...##...........
#......................
.......................
........#...#.#.......
.................#o..
#..............ooo##...
...^...........o@T..#
#..............o§o.....
.............#....#
...................
##......>........§.
#.........##.....#
.....#.# #.#...


You could see a troll, an orc sorcerer, 2 orc warriors and 4 orcs.

Vanquished Creatures
  Nessos (D:14)
  An ettin (D:14)
  5 hydras
  3 centaur warriors
  A two-headed ogre (D:11)
  3 death yaks (Lair:4)
  The ghost of Netaeli the End of an Era, a journeyman SpVM of Qazlal (D:12)
  An unseen horror (D:10)
  A wolf spider zombie (D:14)
  2 orc sorcerers (Orc:1)
  An orb spider (Lair:2)
  4 cyclopes
  7 elephants (Lair:6)
  4 black mambas
  2 torpor snails
  3 centaur skeletons
  23 cane toads
  4 gargoyles
  An ice statue (IceCv)
  Maggie (D:8)
  6 rime drakes
  11 komodo dragons
  3 trolls
  6 polar bears
  4 tyrant leeches
  27 blink frogs
  9 dream sheep
  5 slime creatures (D:12)
  A vampire (D:13)
  A spriggan (D:11)
  A shadow (D:12)
  6 wyverns
  72 yaks
  2 wraiths
  4 vampire mosquitoes (Lair:6)
  2 basilisks
  2 swamp worms (Lair:4)
  4 hell hounds (D:14)
  10 water moccasins
  19 ice beasts
  7 orc warriors
  A phantom (D:12)
  3 sky beasts
  3 black bears
  An eye of draining (D:10)
  5 ogres
  15 wolves
  14 centaurs
  2 big kobolds
  A wyvern zombie (D:14)
  29 bullfrogs
  A water moccasin zombie (D:6)
  9 scorpions
  4 killer bees (D:9)
  5 wights (D:9)
  5 howler monkeys
  4 electric eels
  8 hounds
  2 quasits
  2 jellies
  15 orc wizards
  15 orc priests
  An iguana (D:10)
  Natasha (twice) (D:2)
  11 worker ants
  A hound zombie (D:5)
  4 hound skeletons
  A worker ant zombie (D:7)
  Robin (D:2)
  12 adders
  2 gnolls
  A shadow imp (D:6)
  12 white imps (D:14)
  An ufetubus (D:5)
  An ooze (D:6)
  An adder skeleton (D:4)
  3 adder zombies
  2 worms
  A dart slug (D:2)
  7 leopard geckos
  56 orcs
  8 bats
  2 giant cockroaches
  13 goblins
  8 hobgoblins
  14 jackals
  43 kobolds
  5 quokkas
  2 ball pythons
  6 frilled lizards
  A jackal zombie (D:6)
  2 leopard gecko skeletons
  4 rats
  A toadstool (D:10)
644 creatures vanquished.

Vanquished Creatures (collateral kills)
  4 dream sheep (Lair:2)
4 creatures vanquished.

Vanquished Creatures (others)
  2 killer bees (D:9)
  An orc (Orc:1)
  2 bushes (Lair:4)
  42 fungi
  150 plants
  3 toadstools (D:10)
200 creatures vanquished.

Grand Total: 848 creatures vanquished

Notes
Turn   | Place    | Note
-------+----------+-------------------------------------------
     0 | Abyss:1  | EnegeticOcto the Vampire Abyssal Knight began the quest for
                  | the Orb.
     0 | Abyss:1  | Reached XP level 1. HP: 17/17 MP: 2/2
    33 | D:1      | Escaped the Abyss
    97 | D:1      | Reached skill level 1 in Stealth
   214 | D:1      | Reached XP level 2. HP: 23/23 MP: 3/3
   355 | D:1      | Reached skill level 2 in Stealth
   362 | D:1      | Reached * piety under Lugonu
   815 | D:2      | Found an ancient bone altar of Kikubaaqudgha.
   969 | D:2      | Reached skill level 3 in Short Blades
   981 | D:2      | Found a sparkling altar of Nemelex Xobeh.
  1012 | D:2      | Noticed Sigmund
  1169 | D:3      | Noticed Robin
  1171 | D:3      | Reached skill level 3 in Stealth
  1188 | D:2      | Reached XP level 3. HP: 19/28 MP: 4/4
  1231 | D:2      | Killed Robin
  1383 | D:3      | Found a broken altar of Ashenzari.
  1565 | D:3      | Reached skill level 4 in Stealth
  1613 | D:3      | Reached XP level 4. HP: 34/34 MP: 5/5
  1782 | D:3      | Found a hazy altar of Hepliaklqana.
  2108 | D:2      | Noticed Natasha
  2252 | D:2      | Killed Natasha
  2253 | D:2      | Reached skill level 4 in Short Blades
  2453 | D:4      | Reached ** piety under Lugonu
  2454 | D:4      | Reached skill level 5 in Stealth
  2509 | D:4      | Reached XP level 5. HP: 25/40 MP: 6/6
  2618 | D:4      | Got an opalescent robe
  2628 | D:4      | Identified the +1 robe of the Pit {-Tele Rampage rPois
                  | Dex-5} (You found it on level 4 of the Dungeon)
  2663 | D:4      | Reached skill level 3 in Fighting
  2663 | D:4      | Reached skill level 2 in Invocations
  2876 | D:4      | Reached skill level 5 in Short Blades
  2876 | D:4      | Reached XP level 6. HP: 41/47 MP: 7/7
  3013 | D:4      | HP: 2/47 [poisoned by an adder]
  3374 | D:4      | Found a glowing golden altar of the Shining One.
  3744 | D:5      | Entered Level 5 of the Dungeon
  4067 | D:5      | Reached skill level 6 in Short Blades
  4147 | D:5      | Reached skill level 3 in Invocations
  4147 | D:5      | Reached XP level 7. HP: 50/53 MP: 9/9
  4457 | D:5      | Found Yhumm's Assorted Antiques.
  4508 | D:5      | Reached skill level 4 in Fighting
  4538 | D:5      | Reached *** piety under Lugonu
  4599 | D:5      | Paralysed by a kobold for 2 turns
  4652 | D:5      | Bought a glowing chain mail for 202 gold pieces
  4652 | D:5      | Bought a scroll labelled ILEPTU JULIZE for 27 gold pieces
  4652 | D:5      | Bought a scroll labelled OCUYPU DUWEXZOL for 27 gold pieces
  4652 | D:5      | Bought a scroll labelled GOXALE YLIG for 27 gold pieces
  5287 | D:2      | Found a bloodstained altar of Trog.
  5373 | D:2      | Noticed Natasha
  5379 | D:2      | Killed Natasha
  5380 | D:2      | Reached skill level 7 in Short Blades
  5705 | D:2      | Found a sacrificial altar of Ru.
  5831 | D:6      | Found a runed translucent gate.
  5831 | D:6      | Found a runed translucent gate.
  5831 | D:6      | Found a runed translucent gate.
  5857 | D:6      | Reached **** piety under Lugonu
  5868 | D:6      | Noticed sipior's ghost (novice TeAE)
  6174 | D:6      | Found a staircase to the Ecumenical Temple.
  6196 | D:6      | Reached XP level 8. HP: 32/61 MP: 10/10
  6436 | D:6      | Reached skill level 4 in Invocations
  6491 | D:6      | Reached skill level 8 in Short Blades
  6680 | D:6      | Reached skill level 5 in Fighting
  6778 | D:6      | Found a hide-covered altar of Uskayaw.
  6791 | D:6      | Reached skill level 12 in Short Blades
  6791 | D:6      | Reached skill level 4 in Armour
  6791 | D:6      | Reached skill level 6 in Dodging
  6791 | D:6      | Reached XP level 9. HP: 68/68 MP: 12/12
  7207 | D:7      | Found a flagged portal.
  7215 | D:7      | Got a transparent hand axe
  7217 | D:7      | Got a translucent hand axe
  7220 | Bailey   | Entered a bailey
  7225 | Bailey   | Noticed an orc warlord
  7308 | Bailey   | Reached skill level 5 in Invocations
  7411 | Bailey   | Found a runed translucent gate.
  7413 | Bailey   | Found a runed translucent gate.
  7415 | Bailey   | Found a runed translucent gate.
  7680 | Bailey   | Banished an orc warlord
  7681 | Bailey   | Reached skill level 13 in Short Blades
  7681 | Bailey   | Reached XP level 10. HP: 74/74 MP: 0/14
  7715 | Bailey   | Identified a scroll of acquirement
  7715 | Bailey   | Acquired a +7 quick blade
  7724 | Bailey   | Acquired a +2 pair of gloves of archery
  8134 | D:7      | You fall into a shaft and drop 1 floor!
  8264 | D:7      | Found a shimmering blue altar of Sif Muna.
  8647 | D:8      | Reached skill level 6 in Invocations
  8813 | D:8      | Found a burning altar of Makhleb.
  8813 | D:8      | Noticed a cacodemon
  8842 | D:8      | Noticed Maggie
  8847 | D:8      | Killed Maggie
  9352 | D:9      | Found a shimmering altar of Xom.
  9494 | D:9      | Found a staircase to the Lair.
  9524 | D:9      | Reached skill level 7 in Invocations
  9651 | D:9      | Found a white marble altar of Elyvilon.
  9700 | D:9      | Found a radiant altar of Vehumet.
  9889 | D:9      | Reached skill level 1 in Shields
 10057 | D:9      | Found a staircase to the Orcish Mines.
 10340 | D:9      | Found a stormy altar of Qazlal.
 10344 | D:9      | Found a basalt altar of Yredelemnul.
 10347 | D:9      | Found an opulent altar of Gozag.
 10474 | D:10     | Entered Level 10 of the Dungeon
 10502 | D:10     | Noticed an unseen horror
 10520 | D:10     | Killed an unseen horror
 10521 | D:10     | Reached skill level 1 in Throwing
 10521 | D:10     | Reached skill level 2 in Shields
 10521 | D:10     | Reached XP level 11. HP: 70/80 MP: 16/16
 10943 | D:10     | Reached skill level 3 in Shields
 10951 | D:10     | Reached skill level 2 in Throwing
 11378 | Lair:1   | Entered Level 1 of the Lair of Beasts
 11505 | Lair:1   | Reached skill level 8 in Invocations
 11623 | Lair:1   | Reached skill level 4 in Shields
 11696 | Lair:1   | Reached skill level 6 in Fighting
 11901 | Lair:1   | Reached ***** piety under Lugonu
 12039 | Lair:1   | Reached skill level 3 in Throwing
 12065 | Lair:1   | Reached skill level 5 in Shields
 12742 | Lair:2   | Found a hole to the Spider Nest.
 12742 | Lair:2   | Noticed an orb spider
 12768 | Lair:2   | Killed an orb spider
 12769 | Lair:2   | Reached skill level 6 in Shields
 12852 | Lair:2   | Noticed an eight-headed hydra
 12871 | Lair:2   | Killed an eight-headed hydra
 12872 | Lair:2   | Reached XP level 12. HP: 7/89 MP: 18/18
 13101 | Lair:2   | Reached skill level 4 in Throwing
 13136 | Lair:2   | You fall into a shaft and drop 2 floors!
 13225 | Lair:4   | Noticed a seven-headed hydra
 13227 | Lair:4   | Found the +10 dark maul {vorpal}
 13234 | Lair:4   | Banished a seven-headed hydra
 13235 | Lair:4   | Reached skill level 7 in Fighting
 13335 | Lair:4   | Reached skill level 7 in Shields
 13997 | Lair:2   | Reached skill level 5 in Throwing
 14018 | Lair:2   | Reached skill level 8 in Shields
 14346 | Lair:2   | Found a glowing silver altar of Zin.
 14715 | Lair:3   | Reached skill level 8 in Fighting
 14853 | Lair:3   | Found an iron altar of Okawaru.
 14879 | Lair:3   | You fall into a shaft and drop 1 floor!
 15484 | Lair:3   | Reached skill level 9 in Shields
 15739 | Lair:4   | Noticed Snorg
 15740 | Lair:4   | Banished Snorg
 15891 | Lair:4   | Reached XP level 13. HP: 86/98 MP: 19/19
 16375 | Lair:4   | Reached skill level 6 in Throwing
 16456 | Lair:4   | Found a basalt altar of Yredelemnul.
 17304 | Lair:4   | Reached skill level 10 in Shields
 17801 | Lair:5   | Reached skill level 9 in Fighting
 18142 | Lair:5   | Reached ****** piety under Lugonu
 18335 | Lair:5   | Identified the +8 hand axe "Issiwk" {protect, Str+6} (You
                  | found it on level 7 of the Dungeon)
 18336 | Lair:5   | Identified the cursed +1 hand axe of Ethereal Guile
                  | {antimagic, rPois Stlth+} (You found it on level 7 of the
                  | Dungeon)
 18635 | Lair:5   | Identified a +9 quick blade of distortion (a +7 quick blade
                  | corrupted by Lugonu)
 18635 | Lair:5   | Received a gift from Lugonu
 18672 | Lair:6   | Entered Level 6 of the Lair of Beasts
 18683 | Lair:6   | Reached skill level 7 in Throwing
 18759 | Lair:6   | Reached skill level 11 in Shields
 19092 | Lair:6   | Reached XP level 14. HP: 95/109 MP: 20/20
 19331 | Lair:6   | Reached skill level 5 in Armour
 19342 | Lair:6   | Reached skill level 1 in Evocations
 19359 | Lair:6   | Reached skill level 7 in Dodging
 19816 | Lair:6   | Reached skill level 10 in Fighting
 19816 | Lair:6   | Reached skill level 2 in Evocations
 19906 | Lair:6   | Reached skill level 12 in Shields
 20153 | Lair:6   | Found a viscous altar of Jiyva.
 20153 | Lair:6   | Found a staircase to the Slime Pits.
 20310 | Lair:6   | Got a pitted rapier
 20312 | Lair:6   | Got a distressingly furry scale mail
 20424 | Lair:6   | Identified the +6 scale mail of Teilioz {-Tele rElec rPois
                  | Int+4} (You found it on level 6 of the Lair of Beasts)
 20737 | D:11     | Found Dourgheb's Magic Scroll Shoppe.
 20744 | D:11     | Bought a scroll of teleportation for 42 gold pieces
 20744 | D:11     | Bought a scroll of blinking for 105 gold pieces
 20744 | D:11     | Bought a scroll of teleportation for 42 gold pieces
 20744 | D:11     | Bought a scroll of teleportation for 42 gold pieces
 20744 | D:11     | Bought a scroll of magic mapping for 49 gold pieces
 20787 | D:11     | Identified the +10 rapier "Taruryt" {freeze, *Contam rPois
                  | rC+} (You found it on level 6 of the Lair of Beasts)
 21187 | D:11     | Noticed a frost giant
 21208 | D:11     | Banished a frost giant
 21209 | D:11     | Reached skill level 8 in Throwing
 22144 | D:12     | You fall into a shaft and drop 2 floors!
 22144 | D:14     | Found a runed translucent door.
 22146 | D:14     | Reached skill level 3 in Evocations
 22348 | D:14     | Found a frozen archway.
 22391 | IceCv    | Entered an ice cave
 22962 | IceCv    | Reached skill level 8 in Dodging
 23196 | D:14     | Noticed Nessos
 23228 | D:14     | Killed Nessos
 23339 | D:14     | Noticed Azrael
 23351 | D:14     | Banished Azrael
 23359 | D:14     | Reached XP level 15. HP: 99/115 MP: 16/21
 23614 | D:14     | Reached skill level 6 in Armour
 24365 | D:13     | Found Asofevor's Antique Weapon Emporium.
 24504 | D:13     | Found a transporter.
 24510 | D:13     | Noticed FreshCat's ghost (journeyman FeDe)
 24547 | D:13     | Identified the cursed +1 scimitar of Terra Nullius {flame,
                  | Str+4 Int+2}
 24548 | D:13     | Identified the +11 broad axe "Obeblaobb" {antimagic, *Slow
                  | rF+++ rC+ Stlth+}
 24552 | D:13     | Found a transporter.
 24556 | D:13     | Found the +7 mace of Variability {chain chaos}
 25237 | D:12     | Reached skill level 4 in Evocations
 25566 | D:12     | Found a runed translucent door.
 25566 | D:12     | Noticed Netaeli's ghost (journeyman SpVM)
 25936 | D:12     | Killed Netaeli's ghost
 25937 | D:12     | Reached skill level 14 in Short Blades
 26106 | Orc:1    | Entered Level 1 of the Orcish Mines
 26195 | Orc:1    | Paralysed by an orc sorcerer for 7 turns
 26199 | Orc:1    | Mangled by a troll

Illustrated notes

Levels and vault maps discovered:
D:1:      onia_arrival_pentagram, layout_basic, serial_park_tiny_2,
          chequers_serial_rivers_micro_d, minmay_misc_feat_rugged
D:2:      layout_basic, kiku_gazebo_pond_becter, lemuel_crystal_altar,
          nicolae_ru_path_of_blood, trog_three_pillars_becter, uniq_natasha,
          uniq_sigmund
D:3:      layout_loops_cross, nicolae_overflow_crystal_walls,
          nzn_hepliaklqana_mist_gate, guppyfry_early_lair_pool, uniq_robin
D:4:      layout_gridville, old_standard_altar, hangedman_glass_teeth
D:5:      kennysheep_kobold_camp, layout_gridville, serial_shops, shop
D:6:      layout_rooms, eat_drink_and_be_merry_uskayaw,
          minmay_temple_entry_large_hall, ebering_ghost_rock_garden
D:7:      layout_loops_ring, lemuel_blue_sif_altar, enter_bailey_2,
          minmay_misc_feat_square
D:8:      layout_basic, makhleb_altar_promises_db, uniq_maggie
D:9:      layout_cave_pools, fiery_altar_vehumet, elyvilon_altar_3,
          minmay_overflow_temple_star_quad, david_lair_shrubbed, orc_0_dummy,
          grunt_decor_fettered, tgw_xom
D:10:     layout_cave_pools, minmay_gold_behind_fungi
D:11:     minmay_coctagon, layout_loops_corners, serial_shops, shop,
          kennysheep_pointless_box, the_bakery
D:12:     layout_loops_corners, hellmonk_ghost_happy_afterlife
D:13:     layout_layer_cave, serial_shops, nicolae_shop_statue_plus,
          gammafunk_ghost_wrathful_warriors
D:14:     layout_basic, grunt_vaults_entry_fortified, yredelemnul_altar_generic,
          portal_ice_cave_entry_imps, kennysheep_treasure_room, uniq_nessos,
          uniq_azrael
Lair:1:   layout_gridlike, grunt_megastairs_3
Lair:2:   layout_concentric_octagons, nicolae_spider_entry_orb_guardian,
          basic_altar, chequers_serial_rivers_small_a, serial_bayou_pond_a
Lair:3:   layout_regular_city, basic_altar, serial_rivers,
          chequers_serial_rivers_large_b, chequers_serial_rivers_marsh,
          chequers_serial_rivers_room_a, chequers_serial_rivers_micro_d,
          chequers_serial_rivers_micro_b, chequers_serial_rivers_micro_d
Lair:4:   layout_regular_city, palyth_hydra_swamp_entry, basic_altar,
          minmay_lair_oklob_chamber, grunt_megastairs_2, lemuel_fruit_tree,
          uniq_snorg
Lair:5:   layout_hall_layers, guppyfry_lair_drakes
Lair:6:   minmay_lair_end_frog_pond, layout_gridlike,
          dpeg_slime_entry_enclosed_altar
Orc:1:    layout_caves, basic_altar

Skill      XL: |  1  2  3  4  5  6  7  8  9 10 11 12 13 14 15 |
---------------+----------------------------------------------+-----
Stealth        | 1 3 4 5 |  5.0
Short Blades   | 3 4 5 6 7 12 13 14 | 14.0
Fighting       | 3 4 5 6 8 9 10 | 10.0
Invocations    | 2 3 4 5 7 8 |  8.0
Armour         | 4 5 6 |  6.0
Dodging        | 6 8 |  8.5
Shields        | 2 6 9 11 12 | 12.8
Throwing       | 1 3 5 7 8 |  8.5
Evocations     | 3 4 |  4.2

Action                   |  1- 3 |  4- 6 |  7- 9 | 10-12 | 13-15 || total
-------------------------+-------+-------+-------+-------+-------++-------
Melee: Short sword       |   124 |   154 |       |       |       ||   278
       Bite              |     8 |    21 |    45 |   151 |   221 ||   446
       Unarmed           |       |    13 |    10 |       |       ||    23
       Rapier            |       |    71 |   458 |       |   544 ||  1073
       Quick blade       |       |       |       |  1395 |  1149 ||  2544
Throw: Boomerang         |       |       |    26 |    13 |    15 ||    54
Invok: Depart the Abyss  |     1 |       |       |       |       ||     1
       Banish            |       |       |     4 |     6 |     9 ||    19
       Bend Space        |       |       |       |     5 |       ||     5
       Brand Weapon With |       |       |       |       |     1 ||     1
Evoke: Wand              |       |       |     4 |     7 |     3 ||    14
       Box of beasts     |       |       |       |     1 |       ||     1
       Phial of floods   |       |       |       |       |     1 ||     1
  Use: Scroll            |     3 |     1 |    13 |    16 |     6 ||    39
       Potion            |       |     4 |     2 |     1 |       ||     7
 Stab: Sleeping          |     5 |     3 |     1 |     8 |     8 ||    25
       Distracted        |       |     1 |       |     1 |     1 ||     3
       Paralysed         |       |       |     1 |     2 |     1 ||     4
Armor: Leather armour    |    25 |    20 |       |       |       ||    45
       Skin              |       |    27 |    39 |       |       ||    66
       Ring mail         |       |    43 |     8 |       |       ||    51
       Chain mail        |       |       |   271 |    16 |       ||   287
       Swamp dragon scal |       |       |       |   217 |   293 ||   510
       Scale mail        |       |       |       |       |     1 ||     1
Dodge: Dodged            |    66 |   133 |   171 |   279 |   348 ||   997
Block: Kite shield       |       |       |       |   254 |   476 ||   730
